 Dungeon Crawl Stone Soup version 0.29.1-1-gd02db6906a (webtiles) character file.

Game seed: 12913292089866408038

46097 Icepheonix32 the Spry (level 14, -5/85 (91) HPs)
             Began as a Merfolk Transmuter on Oct 4, 2022.
             Was a High Priest of Dithmenos.
             Slain by a minotaur
             ... wielding the +6 rapier "Diusem" {chaos, SInv}
              (16 damage)
             ... in a Gauntlet.
             The game lasted 01:12:55 (20948 turns).

Icepheonix32 the Spry (Merfolk Transmuter)         Turns: 20948, Time: 01:12:56

HP:   -5/85 (91)    AC:  2    Str: 10      XL:     14   Next: 36%
MP:   7/22          EV: 46    Int: 15 (21) God:    Dithmenos [*****.]
Gold: 728           SH:  5    Dex: 24      Spells: 2/24 levels left

rFire   . . .      SeeInvis .     - Unarmed
rCold   . . .      Faith    .   (shield currently unavailable)
rNeg    . . .      Spirit   .   (body armour currently unavailable)
rPois   x          Reflect  +   (helmet currently unavailable)
rElec   +          Harm     .   (cloak currently unavailable)
rCorr   .          Rampage  .   (gloves currently unavailable)
Will    .....      NoTele   +   (boots currently unavailable)
Stlth   +++++.....              o - amulet of reflection
HPRegen 0.24/turn               N - ring of Janougeh {rElec Will- EV+4 Int+6}
MPRegen 0.18/turn               B - +4 ring of evasion

@: spider-form, very slightly contaminated, slowed, wreathed by umbra, drained,
very slow
A: venomous fangs, tiny, (nimble swimmer 2), (mertail), (claws 1), agile 1,
(shaggy fur 1), wild magic 1
a: End Transformation, Renounce Religion, Shadow Step, Shadow Form


You were in a Gauntlet.
You worshipped Dithmenos.
Dithmenos was extremely pleased with you.
You were a venomous arachnid creature.
You visited 3 branches of the dungeon, and saw 16 of its levels.
You also visited: Sewer, Ossuary, Gauntlet and Ice Cave.

You collected 972 gold pieces.
You spent 244 gold pieces at shops.

Inventory:

Missiles
 e - 4 throwing nets
 l - 5 boomerangs of dispersal
 D - 4 curare-tipped darts
Armour
 g - the +3 warlock's mirror (melded) {reflect}
   (You acquired it on level 3 of the Dungeon)

   It can block and reflect piercing ranged attacks and magical attacks against
   the wielder's willpower.
 v - a +2 helmet of intelligence (melded)
 E - a +0 cloak (melded)
 J - the +4 robe "Xunwedd" (melded) {rN+ Int+9 Dex-5 Stlth+}
   (You found it on level 1 of the Lair of Beasts)

   Int:       It affects your intelligence (+9).
   Dex:       It affects your dexterity (-5).
   rN:        It protects you from negative energy.
   Stlth:     It makes you more stealthy.
 Q - +3 steam dragon scales
 X - a +0 pair of gloves (melded)
Magical Staves
 p - a staff of cold (melded)
 O - a staff of air
Jewellery
 a - an amulet of the acrobat
 j - a ring of resist corrosion
 n - a ring of flight
 o - an amulet of reflection (around neck)
 t - the ring of Life {rElec rPois Str+3 Dex+3 SInv}
   (You found it in a Gauntlet)

   [ring of poison resistance]

   Str:       It affects your strength (+3).
   Dex:       It affects your dexterity (+3).
   rElec:     It insulates you from electricity.
   rPois:     It protects you from poison.
   SInv:      It lets you see invisible.
 B - a +4 ring of evasion (right front leg)
 L - a ring of willpower
 N - the ring of Janougeh (left front leg) {rElec Will- EV+4 Int+6}
   (You found it in a Gauntlet)

   [ring of evasion]

   EV:        It affects your evasion (+4).
   Int:       It affects your intelligence (+6).
   rElec:     It insulates you from electricity.
   Will:      It decreases your willpower.
 Y - a ring of positive energy
Wands
 k - a wand of roots (6)
 u - a wand of flame (18)
 R - a wand of paralysis (15)
 T - a wand of quicksilver (17)
Scrolls
 f - 4 scrolls of fog
 h - a scroll of amnesia
 i - 10 scrolls of teleportation
 m - a scroll of blinking
 q - a scroll of immolation
 w - 13 scrolls of identify
 y - 2 scrolls of magic mapping
 I - 5 scrolls of poison
 K - a scroll of summoning
 S - a scroll of brand weapon
 V - a scroll of silence
 Z - a scroll of enchant weapon
Potions
 b - 7 potions of lignification
 c - 2 potions of heal wounds
 d - 3 potions of curing
 r - 2 potions of might
 s - a potion of invisibility
 x - 2 potions of haste
 z - 2 potions of mutation
 A - a potion of berserk rage
 C - 4 potions of resistance
 F - 2 potions of cancellation
 G - 4 potions of brilliance
 H - 3 potions of magic
 U - 2 potions of flight
Miscellaneous
 M - a phial of floods
 P - a tin of tremorstones (2/2)
 W - a condenser vane


   Skills:
 + Level 2.9 Fighting
 + Level 1.1 Throwing
 * Level 15.4 Dodging
 + Level 4.1 Stealth
 + Level 7.3 Shields
 + Level 14.5 Unarmed Combat
 + Level 5.8 Spellcasting
 * Level 10.8 Transmutations
 + Level 6.4 Ice Magic
 * Level 8.3 Poison Magic
 * Level 5.6 Invocations
 * Level 4.8 Evocations


You had 2 spell levels left.
You knew the following spells:

 Your Spells              Type           Power      Damage    Failure   Level
a - Beastly Appendage     Tmut           94%        N/A       4%          1
b - Wereblood             Tmut           47%        N/A       4%          2
c - Spider Form           Tmut/Pois      42%        N/A       8%          3
d - Ice Form              Ice/Tmut       39%        N/A       19%         4
e - Ignite Poison         Fire/Tmut/Pois 30%        N/A       16%         3
f - Eringya's Noxious Bo  Tmut/Pois      21%        N/A       71%         6
g - Mephitic Cloud        Conj/Pois/Air  16%        N/A       41%         3

Your spell library contained the following spells:

 Spells                   Type           Power      Damage    Failure   Level
 Sting                    Tmut/Pois      100%       1d8       4%          1
 Poisonous Vapours        Pois/Air       42%        N/A       19%         2
 Shock                    Conj/Air       20%        1d4       43%         1
 Slow                     Hex            20%        N/A       43%         1
 Static Discharge         Conj/Air       5%         3-4/arc   52%         2
 Ozocubu's Armour         Ice            31%        N/A       16%         3
 Olgreb's Toxic Radiance  Pois           38%        N/A       21%         4
 Confusing Touch          Hex            5%         N/A       71%         3
 Gell's Gravitas          Tloc           5%         N/A       71%         3
 Lesser Beckoning         Tloc           5%         N/A       71%         3
 Swiftness                Air            5%         N/A       71%         3
 Teleport Other           Tloc           5%         N/A       71%         3
 Vampiric Draining        Necr           5%         2d6       71%         3
 Airstrike                Air            2%         2d(1-17)  96%         4
 Freezing Cloud           Conj/Ice/Air   7%         6-21      97%         5
 Lightning Bolt           Conj/Air       2%         1d14      100%        5
 Simulacrum               Ice/Necr       9%         N/A       100%        6
 Ozocubu's Refrigeration  Ice            15%        4d10      100%        7
 Polar Vortex             Ice            15%        N/A       100%        9


Dungeon Overview and Level Annotations

Branches:
Dungeon (12/15)            Temple (1/1) D:5            Lair (3/5) D:9
 Shoals (0/4) Lair:3       Spider (0/4) Lair:3          Orc (0/2) D:12
  Sewer (visited)         Ossuary (visited)           IceCv (visited)
Gauntlet (1/1)

Altars:
Ashenzari
Cheibriados
Dithmenos
Elyvilon
Fedhas
Gozag
Hepliaklqana
Kikubaaqudgha
Makhleb
Nemelex Xobeh
Okawaru
Qazlal
Ru
Sif Muna
Trog
Uskayaw
Vehumet
Wu Jian
Xom
Yredelemnul
Zin
The Shining One

Shops:
D:4 (?   D:5 [   D:11 [

Annotations:
Gauntlet 8 transporters, 4 runed translucent doors


Innate Abilities, Weirdness & Mutations

You are a venomous arachnid creature.
You have poisonous fangs.
You are tiny and dextrous.
Your spellcasting is less reliable in this form.
Your armour is entirely melded.
You are incapable of wielding weapons or throwing items.
((You are very nimble when in or above water. (Stealth+, EV+, Speed+++)))
((Your lower body shifts to a powerful aquatic tail in water.))
((You have sharp fingernails.))
You are agile. (Dex +4, Str/Int -1)
((You are covered in fur. (AC +1)))
Your spells are a little harder to cast, but a little more powerful.


Message History

The minotaur is no longer moving slowly.
The minotaur is engulfed in noxious fumes.
The minotaur misses you. The minotaur barely misses you.
Unknown command.
Unknown command.
The minotaur is engulfed in noxious fumes.
The minotaur throws a javelin.
The javelin completely misses you.
Casting: Mephitic Cloud (dangerous; 41% risk of failure)
Confirm with . or Enter, or press ? or * to list all spells.
You miscast Ignite Poison.
You are very lightly contaminated with residual magic.
Nothing appears to happen.
The minotaur is engulfed in noxious fumes.
The minotaur appears confused.
The minotaur is engulfed in noxious fumes.
The minotaur completely misses you. x2
There is an open door here.
Casting: Ignite Poison (dangerous; 16% risk of failure)
Confirm with . or Enter, or press ? or * to list all spells.
You miscast Ignite Poison.
Nothing appears to happen.
Unknown command.
You catch the helpless minotaur completely off-guard!
You hit the minotaur but do no damage.
The minotaur looks as sick as possible!
The minotaur is severely wounded.
The minotaur seems less confused.
The minotaur closely misses you. The minotaur completely misses you.
You maul the minotaur!!
The minotaur looks as sick as possible!
The minotaur is almost dead.
The minotaur hits you with the +6 rapier "Diusem" {chaos, SInv}!!!
* * * LOW HITPOINT WARNING * * *
You emit a cloud of dark smoke.
You feel drained.
* * * LOW HITPOINT WARNING * * *
The minotaur gores you!
* * * LOW HITPOINT WARNING * * *
You feel much better. The minotaur completely misses you.
The minotaur gores you!!
* * * LOW HITPOINT WARNING * * *
You emit a cloud of dark smoke.
The minotaur completely misses you. The minotaur gores you!
You die...

##+### #.⌠..# #..(⌠+ +⌠... ..∩
#H# #######s#######
#....§§§§.....# #.###.###.###.#
#.............# ###.###.###.###
###.###.###.### #.............#
##...©.©.©...##
############.........############


You could see a minotaur (extremely poisoned).

Vanquished Creatures
  A cacodemon (Gauntlet)
  A reaper (IceCv)
  2 hydras
  Harold (D:9)
  3 boulder beetles
  4 two-headed ogres
  A death scarab (Gauntlet)
  6 death yaks (Lair:2)
  Urug (D:12)
  An orc knight (D:7)
  A deep elf pyromancer (D:12)
  An ugly thing (D:12)
  A moth of wrath (Gauntlet)
  2 manticores (D:12)
  A wolf spider (Lair:1)
  A cyclops (D:11)
  2 black mambas
  2 ice statues (IceCv)
  A gargoyle (D:11)
  5 cane toads
  2 anaconda simulacra (IceCv)
  3 kobold demonologists (D:9)
  3 komodo dragons
  A freezing wraith (IceCv)
  5 ice devils (IceCv)
  Grinder (Sewer)
  A polar bear (Lair:2)
  3 trolls
  4 blink frogs (Lair:2)
  A hornet (D:9)
  4 slime creatures
  A blink frog (shapeshifter) (D:10)
  A shadow (D:9)
  4 vampires
  3 wyverns
  Eustachio (D:4)
  5 dire elephant simulacra (IceCv)
  5 wraiths
  54 yaks
  A spectral fire crab (Gauntlet)
  2 basilisks (Lair:2)
  5 steam dragons
  2 neqoxecs (Gauntlet)
  5 vampire mosquitoes
  A warg (D:7)
  Menkaure (D:7)
  2 harpy simulacra (IceCv)
  3 acid dragons
  6 water moccasins
  A hydra simulacrum (IceCv)
  4 orc warriors
  A sky beast (D:8)
  2 black bears
  2 ogres
  27 wolves
  5 ice beasts
  7 centaurs
  4 kobold brigands
  2 phantoms
  10 bullfrogs
  A gnoll sergeant (D:9)
  A necrophage (D:7)
  A cane toad simulacrum (IceCv)
  A scorpion (D:7)
  7 wights
  An elephant simulacrum (IceCv)
  11 killer bees
  An electric eel (Lair:2)
  A howler monkey (D:5)
  2 centaur zombies (Ossuary)
  3 jellies
  5 orc priests
  Terence (D:2)
  An iguana (D:4)
  15 orc wizards
  6 hell rats (Lair:1)
  3 ogre zombies (Ossuary)
  A wolf simulacrum (IceCv)
  7 mummies (Ossuary)
  Robin (D:4)
  13 gnolls
  6 adders
  5 shadow imps
  6 white imps
  7 ufetubi
  5 adder zombies (Ossuary)
  2 worms (D:3)
  A dart slug (D:1)
  35 orcs
  A bat zombie (Sewer)
  8 endoplasms
  A giant cockroach (D:1)
  21 goblins
  11 hobgoblins
  2 jackals (D:4)
  37 kobolds
  2 quokkas (D:4)
  9 ball pythons
  6 bats
  5 frilled lizards
  4 goblin zombies
  3 hobgoblin zombies (Ossuary)
  5 kobold zombies (Ossuary)
  7 quokka zombies (Ossuary)
  4 rats
  2 rat zombies (Ossuary)
511 creatures vanquished.

Vanquished Creatures (others)
  A kobold (D:9)
  A demonic plant (Gauntlet)
  6 fungi
  13 plants
21 creatures vanquished.

Grand Total: 532 creatures vanquished

Notes
Turn   | Place    | Note
-------+----------+-------------------------------------------
     0 | D:1      | Icepheonix32 the Merfolk Transmuter began the quest for the
                  | Orb.
     0 | D:1      | Reached XP level 1. HP: 15/15 MP: 3/3
   182 | D:1      | Reached XP level 2. HP: 11/21 MP: 3/5
   192 | D:1      | Learned a level 2 spell: Wereblood
   426 | D:1      | Found a faded altar of an unknown god.
   637 | D:1      | Reached XP level 3. HP: 23/26 MP: 4/6
   780 | D:1      | Reached skill level 3 in Dodging
  1524 | D:2      | Noticed Terence
  1535 | D:2      | Killed Terence
  1536 | D:2      | Reached XP level 4. HP: 32/32 MP: 7/7
  2519 | D:2      | Learned a level 3 spell: Spider Form
  2834 | D:3      | Reached skill level 12 in Dodging
  2834 | D:3      | Reached XP level 5. HP: 37/37 MP: 8/8
  2896 | D:3      | Reached XP level 6. HP: 26/43 MP: 7/9
  3562 | D:3      | Identified a scroll of acquirement
  3563 | D:3      | Acquired the +3 warlock's mirror {reflect}
  3563 | D:3      | Found the +3 warlock's mirror {reflect}
  3628 | D:3      | Reached skill level 1 in Poison Magic
  3844 | D:3      | Found a glowing golden altar of the Shining One.
  4069 | D:4      | Found Tuofeof's Weapon Shoppe.
  4251 | D:4      | Noticed Eustachio
  4271 | D:4      | Killed Eustachio
  4272 | D:4      | Reached XP level 7. HP: 37/48 MP: 3/11
  4530 | D:4      | Found a white marble altar of Elyvilon.
  4534 | D:4      | Found an opulent altar of Gozag.
  4534 | D:4      | Noticed Robin
  4554 | D:4      | Killed Robin
  4617 | D:4      | Found Canuneh's Magic Scroll Boutique.
  4785 | D:4      | Found a bloodstained altar of Trog.
  4875 | D:4      | Bought a scroll of teleportation for 39 gold pieces
  4875 | D:4      | Bought a scroll of magic mapping for 97 gold pieces
  4889 | D:5      | Entered Level 5 of the Dungeon
  4911 | D:5      | Found a sand-covered staircase.
  4920 | Ossuary  | Entered an ossuary
  4946 | Ossuary  | Reached skill level 1 in Shields
  5331 | Ossuary  | Reached skill level 5 in Transmutations
  5394 | Ossuary  | Reached XP level 8. HP: 34/54 MP: 6/12
  5510 | D:5      | Found Nunifoedgha's Armour Shop.
  5578 | D:5      | Found a glowing drain.
  5583 | Sewer    | Entered a sewer
  5714 | Sewer    | Found an ancient bone altar of Kikubaaqudgha.
  5733 | Sewer    | Reached skill level 1 in Stealth
  5861 | Sewer    | Noticed Grinder
  5876 | Sewer    | Paralysed by Grinder for 2 turns
  5884 | Sewer    | Killed Grinder
  6234 | D:5      | Found a staircase to the Ecumenical Temple.
  6259 | Temple   | Entered the Ecumenical Temple
  6374 | Temple   | Became a worshipper of Dithmenos the Shadowed
  6514 | D:5      | Reached XP level 9. HP: 18/59 MP: 13/13
  6837 | D:5      | Learned a level 4 spell: Ice Form
  7215 | D:6      | You are sucked into a shaft and drop 1 floor!
  7231 | D:7      | Gained mutation: You are agile. (Dex +4, Str/Int -1)
                  | [potion of mutation]
  7245 | D:7      | Noticed Menkaure
  7261 | D:7      | Killed Menkaure
  7591 | D:7      | Noticed a troll
  7602 | D:7      | Killed a troll
  7610 | D:7      | Reached * piety under Dithmenos
  7621 | D:7      | Reached skill level 1 in Ice Magic
  7988 | D:7      | Reached XP level 10. HP: 57/66 MP: 11/15
  8018 | D:7      | Noticed a boulder beetle
  8031 | D:7      | Killed a boulder beetle
  8032 | D:7      | Reached skill level 10 in Unarmed Combat
  8094 | D:7      | Noticed a two-headed ogre
  8108 | D:7      | Killed a two-headed ogre
  8121 | D:7      | Noticed an orc knight
  8132 | D:7      | Reached skill level 13 in Dodging
  8150 | D:7      | Killed an orc knight
  8307 | D:7      | Identified the +7 pearl dragon scales "Noat" {rN+ Int+2}
  8870 | D:6      | Reached ** piety under Dithmenos
  8923 | D:6      | Reached skill level 5 in Poison Magic
  9037 | D:6      | Reached XP level 11. HP: 57/72 MP: 14/17
  9222 | D:6      | Reached skill level 5 in Shields
  9357 | D:6      | Found an iron altar of Okawaru.
  9677 | D:8      | Noticed a four-headed hydra
  9688 | D:8      | Killed a four-headed hydra
  9972 | D:8      | Found a glowing silver altar of Zin.
 11000 | D:9      | Reached skill level 5 in Ice Magic
 11077 | D:9      | Reached *** piety under Dithmenos
 11188 | D:9      | Noticed a soul eater
 11198 | D:9      | Noticed a soul eater
 11380 | D:9      | Found a snail-covered altar of Cheibriados.
 11393 | D:9      | Found a broken altar of Ashenzari.
 11396 | D:9      | Found a staircase to the Lair.
 11419 | D:9      | Noticed a two-headed ogre
 11433 | D:9      | Killed a two-headed ogre
 11434 | D:9      | Reached XP level 12. HP: 10/80 MP: 16/19
 12007 | D:9      | Found an ornate altar of the Wu Jian Council.
 12279 | D:9      | Learned a level 3 spell: Ozocubu's Armour
 12302 | D:10     | Entered Level 10 of the Dungeon
 12415 | D:10     | Noticed a two-headed ogre
 12424 | D:10     | Killed a two-headed ogre
 12434 | D:10     | Found a blossoming altar of Fedhas.
 12762 | D:5      | Bought a +0 cloak for 54 gold pieces
 12762 | D:5      | Bought a +0 pair of gloves for 54 gold pieces
 12875 | D:10     | Noticed a boulder beetle
 12933 | D:10     | Found a stormy altar of Qazlal.
 12992 | D:10     | Killed a boulder beetle
 13689 | D:11     | Noticed a boulder beetle
 13717 | D:11     | Killed a boulder beetle
 13718 | D:11     | Reached skill level 5 in Spellcasting
 13801 | D:11     | Found Qiaz's Antique Armour Boutique.
 14228 | D:12     | Noticed Urug
 14274 | D:12     | Reached skill level 1 in Evocations
 14280 | D:12     | Reached skill level 1 in Throwing
 14295 | D:12     | Killed Urug
 14296 | D:12     | Reached skill level 1 in Invocations
 14300 | D:12     | Reached **** piety under Dithmenos
 14343 | D:12     | Noticed a two-headed ogre
 14353 | D:12     | Killed a two-headed ogre
 14502 | D:12     | Found a frozen archway.
 14537 | D:12     | Reached skill level 14 in Dodging
 14552 | D:12     | Reached skill level 10 in Transmutations
 14604 | D:12     | Found a staircase to the Orcish Mines.
 14608 | IceCv    | Entered an ice cave
 14638 | IceCv    | Reached XP level 13. HP: 56/85 MP: 16/20
 15736 | IceCv    | Noticed a reaper
 16109 | IceCv    | Killed a reaper
 16526 | D:12     | Found a stormy altar of Qazlal.
 16848 | D:12     | Reached ***** piety under Dithmenos
 17220 | Lair:1   | Entered Level 1 of the Lair of Beasts
 17220 | Lair:1   | Noticed Harold
 17232 | D:9      | Killed Harold
 17537 | Lair:1   | Identified the +4 robe "Xunwedd" {rN+ Int+9 Dex-5 Stlth+}
 18415 | Lair:2   | Reached skill level 15 in Dodging
 18510 | Lair:2   | Reached skill level 5 in Invocations
 18760 | Lair:2   | Reached XP level 14. HP: 91/91 MP: 14/22
 19813 | Lair:2   | Identified the +6 leather armour of the Snail {Harm rElec
                  | rF+ Will+}
 20164 | Lair:3   | Found a gate leading to a gauntlet.
 20182 | Gauntlet | Entered a Gauntlet
 20182 | Gauntlet | Found a transporter.
 20182 | Gauntlet | Found a transporter.
 20182 | Gauntlet | Found a runed translucent door.
 20187 | Gauntlet | Found a runed translucent gate.
 20188 | Gauntlet | Found a transporter.
 20188 | Gauntlet | Found a runed translucent gate.
 20189 | Gauntlet | Found a runed translucent gate.
 20201 | Gauntlet | Found a transporter.
 20218 | Gauntlet | Found a transporter.
 20219 | Gauntlet | Found a transporter.
 20219 | Gauntlet | Found a transporter.
 20221 | Gauntlet | Found a transporter.
 20221 | Gauntlet | Found a transporter.
 20236 | Gauntlet | Found a transporter.
 20246 | Gauntlet | Noticed a cacodemon
 20249 | Gauntlet | Found a transporter.
 20259 | Gauntlet | Found a transporter.
 20273 | Gauntlet | Found a transporter.
 20293 | Gauntlet | Found a transporter.
 20301 | Gauntlet | Found a runed translucent door.
 20600 | Gauntlet | Got Nebohus's Catalogue of Venom and Clouds
 20617 | Gauntlet | Learned a level 6 spell: Eringya's Noxious Bog
 20621 | Gauntlet | Learned a level 3 spell: Mephitic Cloud
 20626 | Gauntlet | Learned a level 3 spell: Ignite Poison
 20668 | Gauntlet | Identified the ring of Janougeh {rElec Will- EV+4 Int+6}
 20854 | Gauntlet | Gained mutation: Your spells are a little easier to cast,
                  | but a little less powerful. [a neqoxec]
 20860 | Gauntlet | Gained mutation: You occasionally shout uncontrollably at
                  | your foes. [a cacodemon]
 20874 | Gauntlet | Gained mutation: You occasionally lose the ability to read
                  | scrolls when taking damage. [a cacodemon]
 20876 | Gauntlet | Gained mutation: You sometimes lose your temper in combat.
                  | [a cacodemon]
 20877 | Gauntlet | Killed a cacodemon
 20877 | Gauntlet | Gained mutation: You occasionally lose the ability to drink
                  | potions when taking damage. [a neqoxec]
 20898 | Gauntlet | Lost mutation: Your spells are a little easier to cast, but
                  | a little less powerful. [potion of mutation]
 20898 | Gauntlet | Lost mutation: You sometimes lose your temper in combat.
                  | [potion of mutation]
 20898 | Gauntlet | Gained mutation: You expend magic power (3 MP) to
                  | strengthen your wands. [potion of mutation]
 20899 | Gauntlet | Lost mutation: You are agile. (Dex +4, Str/Int -1) [potion
                  | of mutation]
 20899 | Gauntlet | Lost mutation: You expend magic power (3 MP) to strengthen
                  | your wands. [potion of mutation]
 20899 | Gauntlet | Lost mutation: You occasionally shout uncontrollably at
                  | your foes. [potion of mutation]
 20899 | Gauntlet | Gained mutation: Your flesh is cold resistant. (rC+)
                  | [potion of mutation]
 20899 | Gauntlet | Gained mutation: You are resistant to electric shocks.
                  | (rElec) [potion of mutation]
 20900 | Gauntlet | Lost mutation: You are resistant to electric shocks.
                  | (rElec) [potion of mutation]
 20900 | Gauntlet | Lost mutation: Your flesh is cold resistant. (rC+) [potion
                  | of mutation]
 20900 | Gauntlet | Gained mutation: Your spells are a little harder to cast,
                  | but a little more powerful. [potion of mutation]
 20901 | Gauntlet | Lost mutation: You occasionally lose the ability to drink
                  | potions when taking damage. [potion of mutation]
 20901 | Gauntlet | Lost mutation: You occasionally lose the ability to read
                  | scrolls when taking damage. [potion of mutation]
 20901 | Gauntlet | Lost mutation: Your spells are a little harder to cast, but
                  | a little more powerful. [potion of mutation]
 20901 | Gauntlet | Gained mutation: You are agile. (Dex +4, Str/Int -1)
                  | [potion of mutation]
 20901 | Gauntlet | Gained mutation: You have sharp fingernails. [potion of
                  | mutation]
 20901 | Gauntlet | Gained mutation: You are covered in fur. (AC +1) [potion of
                  | mutation]
 20901 | Gauntlet | Gained mutation: Your spells are a little harder to cast,
                  | but a little more powerful. [potion of mutation]
 20911 | Gauntlet | Identified the ring of Life {rElec rPois Str+3 Dex+3 SInv}
 20931 | Gauntlet | Identified the +6 rapier "Diusem" {chaos, SInv}
 20947 | Gauntlet | HP: 3/85 [minotaur/the +6 rapier "Diusem" {chaos, SInv}
                  | (9)]
 20948 | Gauntlet | Slain by a minotaur

Illustrated notes

Levels and vault maps discovered:
D:1:      dpeg_arrival_tiny_a, layout_rooms, serial_bayou, serial_bayou_pond_c,
          serial_bayou_shore_b, serial_bayou_lagoon_a, serial_bayou_crossing,
          ebering_ecumenical_altar_hall, minmay_tall_x
D:2:      layout_loops_corners, uniq_terence
D:3:      layout_loops_ring, nicolae_tso_swordbearing_angel,
          minmay_statues_item, hangedman_feature_mirror, grunt_decor_junction
D:4:      kennysheep_big_flooded_room, layout_basic, lightli_temple_of_fire,
          mainiacjoe_overflow_divided_tiny, serial_shops,
          nicolae_shop_hallway_plus, shop, uniq_robin, uniq_eustachio
D:5:      layout_basic, minmay_temple_entry_waves, enter_ossuary_4,
          serial_shops, nicolae_diamond_shop, portal_sewer_entry_e
D:6:      layout_loops_ring, mainiacjoe_overflow_paths
D:7:      layout_rooms, minmay_the_grid_2x2 [minmay_the_grid_small_cups,
          minmay_the_grid_minigrid_medium, minmay_the_grid_armoury,
          minmay_the_grid_prize_trominoes], uniq_menkaure
D:8:      layout_gridville, zin_statuary, grunt_decor_one_mirror,
          serial_bayou_pond_e, minmay_between
D:9:      layout_basic, mainiacjoe_overflow_large_starburst,
          lemuel_doored_altar, lair_entry_dummy
D:10:     layout_basic, lemuel_crystal_altar, mainiacjoe_overflow_tiny_flanked
D:11:     layout_cave_pools, serial_shops, nicolae_stop_n_shop_1,
          feat_on_display
D:12:     layout_rooms, minmay_orc_entry_temple_small,
          portal_ice_cave_entry_pillars_2, grunt_qazlal_sundering, uniq_urug
Temple:   hellmonk_temple_of_storms
Lair:1:   layout_misc_corridors, nicolae_lair_run_with_the_wolves, uniq_harold
Lair:2:   layout_gridlike
Lair:3:   layout_regular_city, shoals_dummy_entry,
          nicolae_spider_entry_tight_spaces, gauntlet_entry_generic
Gauntlet: gammafunk_gauntlet_mixed_choke_point
          [minmay_gauntlet_arena_77_shame_cube, minmay_gauntlet_arena_77_fan,
          minmay_gauntlet_arena_77_run_for_it, gammafunk_gauntlet_arena_spirals,
          minmay_gauntlet_arena_77_two_paths, minmay_gauntlet_arena_77_p_blocks,
          minmay_gauntlet_arena_77_box, gauntlet_exit_hidden_loot]

Skill      XL: |  1  2  3  4  5  6  7  8  9 10 11 12 13 14 |
---------------+-------------------------------------------+-----
Transmutations | 3 4 5 6 7 8 10 | 10.8
Unarmed Combat | 4 8 9 10 12 13 14 | 14.5
Dodging        | 3 12 13 14 15 | 15.4
Poison Magic   | 1 2 3 5 6 7 8 |  8.3
Shields        | 1 2 4 6 7 |  7.3
Stealth        | 1 2 3 4 |  4.1
Spellcasting   | 3 4 5 |  5.8
Ice Magic      | 1 3 5 6 |  6.4
Fighting       | 2 |  2.9
Evocations     | 2 4 |  4.8
Throwing       | 1 |  1.1
Invocations    | 2 5 |  5.6

Action                   |  1- 3 |  4- 6 |  7- 9 | 10-12 | 13-15 || total
-------------------------+-------+-------+-------+-------+-------++-------
Melee: Unarmed           |    95 |   162 |   416 |   649 |   645 ||  1967
       Headbutt          |    16 |    13 |    42 |    24 |     8 ||   103
       Punch             |     5 |     4 |       |       |       ||     9
       Tailslap          |     2 |       |       |       |       ||     2
       Staff             |       |       |       |       |    48 ||    48
Throw: Boomerang         |       |       |     3 |       |       ||     3
       Dart              |       |       |       |     2 |    10 ||    12
 Cast: Beastly Appendage |    15 |    27 |    30 |     9 |     3 ||    84
       Spider Form       |       |     3 |    10 |    31 |    23 ||    67
       Wereblood         |       |     3 |    11 |    14 |    12 ||    40
       Ice Form          |       |       |       |    15 |    16 ||    31
       Ozocubu's Armour  |       |       |       |     1 |       ||     1
       Mephitic Cloud    |       |       |       |       |     2 ||     2
       Ignite Poison     |       |       |       |       |     1 ||     1
 Abil: End Transformatio |       |       |       |     1 |     4 ||     5
Evoke: Wand              |       |       |     7 |     6 |    20 ||    33
       Condenser vane    |       |       |       |     1 |       ||     1
       Tin of tremorston |       |       |       |       |     1 ||     1
  Use: Potion            |     1 |     4 |     6 |     6 |     7 ||    24
       Scroll            |       |     4 |    15 |     9 |     5 ||    33
 Stab: Paralysed         |       |       |     2 |       |       ||     2
       Sleeping          |       |       |     1 |     9 |     7 ||    17
       Distracted        |       |       |       |     1 |     2 ||     3
       Confused          |       |       |       |     1 |     1 ||     2
       Petrified         |       |       |       |       |    11 ||    11
Armor: Robe              |    16 |    18 |    21 |       |     5 ||    60
       Skin              |     4 |     1 |    17 |    15 |    18 ||    55
       Troll leather arm |       |       |       |     1 |       ||     1
       Steam dragon scal |       |       |       |    18 |     7 ||    25
       Swamp dragon scal |       |       |       |       |     1 ||     1
Dodge: Dodged            |    68 |   172 |   226 |   604 |   579 ||  1649
Block: Buckler           |       |    13 |   188 |   100 |    76 ||   377
       Other             |       |     2 |    19 |    92 |    99 ||   212
       Reflection        |       |       |    10 |    14 |     8 ||    32
